 Dungeon Crawl Stone Soup version 0.30-a0-341-g682706514a (webtiles) character file.

Game seed: 9983943286409244402

2500 koil the Ruffian (level 9, -5/72 (75) HPs)
             Began as a Black Draconian Transmuter on Nov 4, 2022.
             Was an Initiate of Qazlal.
             Succumbed to an orc wizard's poison
             ... on level 7 of the Dungeon.
             The game lasted 00:35:14 (6818 turns).

koil the Ruffian (Black Draconian Transmuter)       Turns: 6818, Time: 00:35:14

HP:   -5/72 (75)    AC:  8    Str: 19      XL:     9   Next: 28%
MP:   16/17         EV: 16    Int: 12 (14) God:    Qazlal [......]
Gold: 341           SH:  5    Dex:  9 (11) Spells: 8/18 levels left

rFire   + . .      SeeInvis .      - Unarmed
rCold   + . .      Faith    .    (no shield)
rNeg    . . .      Spirit   .    (body armour unavailable)
rPois   .          Reflect  +    (helmet currently unavailable)
rElec   +          Harm     .    D - +0 cloak
rCorr   .          Rampage  .    (no gloves)
Will    .....                    (boots currently unavailable)
Stlth   +.........               b - amulet of reflection
HPRegen 0.32/turn                E - +4 ring of evasion
MPRegen 0.15/turn                u - ring of protection from fire

@: lethally poisoned (-5 -> -29), appendages (expiring), wereblooded (expiring),
lightly drained
A: horns 2, talons 2, breathe lightning, AC +7, unfitting armour, electricity
resistance, cold-blooded, cold resistance 1, deterioration 1, strong 1
a: Breathe Lightning, End Transformation, Renounce Religion


You were on level 7 of the Dungeon.
You worshipped Qazlal.
Qazlal was noncommittal.
You had temporarily grown beastly horns and talons.
You visited 2 branches of the dungeon, and saw 8 of its levels.
You also visited: Sewer and Ossuary.

You collected 341 gold pieces.

Inventory:

Hand Weapons
 e - a +0 shortbow
 C - a +4 vampiric quarterstaff
Armour
 f - a +0 cloak
 l - a scarf of repulsion
 D - a +0 cloak (worn)
Jewellery
 b - an amulet of reflection (around neck)
 d - the amulet of Wain {Spirit rElec rC+ Will+}
   (You acquired it in the Ecumenical Temple)

   [amulet of guardian spirit]

   It causes incoming damage to be divided between your reserves of health and
   magic.
   rC:        It protects you from cold.
   rElec:     It insulates you from electricity.
   Will:      It increases your willpower.
 r - a ring of ice
 u - a ring of protection from fire (right hand)
 E - a +4 ring of evasion (left hand)
Wands
 j - a wand of paralysis (5)
Scrolls
 c - a scroll of immolation
 m - a scroll of magic mapping
 s - a scroll of poison
 v - 2 scrolls of teleportation
Potions
 a - 8 potions of lignification
 g - 4 potions of curing
 k - 2 potions of flight
 z - 2 potions of might
 A - a potion of resistance
 H - a potion of haste


   Skills:
 + Level 6.0(3.0) Fighting
 + Level 5.2(2.6) Dodging
 + Level 6.3(3.1) Unarmed Combat
 + Level 5.3(2.6) Spellcasting
 + Level 5.8(2.9) Transmutations
 + Level 2.0(1.0) Poison Magic


You had 8 spell levels left.
You knew the following spells:

 Your Spells              Type           Power      Damage    Failure   Level
a - Beastly Appendage     Tmut           16%        N/A       8%          1
b - Wereblood             Tmut           8%         N/A       12%         2
c - Spider Form           Tmut/Pois      6%         N/A       34%         3
d - Ice Form              Ice/Tmut       5%         N/A       80%         4

Your spell library contained the following spells:

 Spells                   Type           Power      Damage    Failure   Level
 Blink                    Tloc           2%         N/A       36%         2
 Momentum Strike          Conj/Tloc      2%         3d8       36%         2
 Hailstorm                Conj/Ice       1%         3d3       58%         3
 Lesser Beckoning         Tloc           2%         N/A       58%         3
 Simulacrum               Ice/Necr       0%         N/A       100%        6


Dungeon Overview and Level Annotations

Branches:
Dungeon (7/15)             Temple (1/1) D:5           Sewer (visited)
Ossuary (visited)

Altars:
Ashenzari
Cheibriados
Dithmenos
Elyvilon
Fedhas
Gozag
Hepliaklqana
Kikubaaqudgha
Makhleb
Nemelex Xobeh
Okawaru
Qazlal
Ru
Sif Muna
Uskayaw
Vehumet
Wu Jian
Xom
Yredelemnul
Zin
The Shining One

Annotations:
D:5 exclusion: statue


Innate Abilities, Weirdness & Mutations

You have temporarily grown beastly horns and talons.
You can breathe wild blasts of lightning.
Your glossy black scales are hard. (AC +7)
You cannot fit into any form of body armour.
You are resistant to electric shocks. (rElec)
You are cold-blooded and may be slowed by cold attacks.
Your flesh is cold resistant. (rC+)
Your body sometimes deteriorates upon taking damage.
Your muscles are strong. (Str +4, Int/Dex -1)


Message History

Something hits you.
* * * LOW HITPOINT WARNING * * *
You are more poisoned.
You feel much better.
You feel very sick.
The wight hits you from afar with a +0 spear.
You feel drained. Something hits you but does no damage.
You are more poisoned.
You are too injured to fight recklessly!
Casting: Wereblood (safe; 12% risk of failure)
Confirm with . or Enter, or press ? or * to list all spells.
You grow a pair of large bovine horns.
Your feet morph into talons.
Your primal bloodlust is almost over.
You feel extremely sick. Something hits you but does no damage.
You are lethally poisoned!
You block the wight's attack.
You closely miss something. Your headbutt misses something.
* * * LOW HITPOINT WARNING * * *
You feel extremely sick. You block the orc's attack.
The wight hits you from afar with a +0 spear.
* * * LOW HITPOINT WARNING * * *
You hear some strange, mumbled words.
A magic dart appears from out of thin air!
The magic dart hits you.
* * * LOW HITPOINT WARNING * * *
You miss something. You claw something. Your headbutt misses something.
Your punch misses something.
* * * LOW HITPOINT WARNING * * *
You feel very sick.
You hit something. Your kick misses something.
* * * LOW HITPOINT WARNING * * *
You feel very sick. You block the orc's attack. The wight closely misses you.
Something hits you.
* * * LOW HITPOINT WARNING * * *
You are more poisoned.
You closely miss something.
Your transformation is almost over.
You die...

# #..##...........###
#.#..##.............
#.#..##...........#
....##..(........#
#..##...........#
.######.##...........#
........)........#####
#######.########.#
.......Yz{@o...#.#
.######z######.#.# #.#
#.###### ... #......#
##o# #..###.# #.#
#.....<# ... #......#
#.# #......#
..........#


You could see an ice beast, 2 wights and an orc.

Vanquished Creatures
  A wyvern (D:7)
  Duvessa (D:4)
  3 water moccasins
  3 centaurs (D:6)
  An ogre (D:4)
  2 necrophages (D:6)
  2 scorpions
  2 wights
  A water moccasin zombie (Ossuary)
  Dowan (D:4)
  4 killer bees (D:6)
  A howler monkey (D:5)
  4 centaur zombies (Ossuary)
  2 jellies
  An orc priest (D:6)
  Crazy Yiuf (D:4)
  3 hounds
  3 iguanas
  7 orc wizards
  3 scorpion zombies (Ossuary)
  2 ogre zombies (Ossuary)
  3 gnolls (D:3)
  6 adders
  3 river rats (Sewer)
  A shadow imp (D:6)
  A white imp (D:5)
  4 adder zombies (Ossuary)
  2 worms (D:2)
  5 dart slugs
  14 orcs
  4 bats
  7 endoplasms
  6 giant cockroaches
  5 gnoll zombies (Ossuary)
  6 goblins
  4 hobgoblins
  5 quokkas
  5 ball pythons
  10 frilled lizards
  3 goblin zombies (Ossuary)
  5 hobgoblin zombies (Ossuary)
  4 kobolds
  2 orc zombies (Ossuary)
  14 rats
167 creatures vanquished.

Vanquished Creatures (others)
  A fungus (D:4)
1 creature vanquished.

Grand Total: 168 creatures vanquished

Notes
Turn   | Place    | Note
-------+----------+-------------------------------------------
     0 | D:1      | koil the Draconian Transmuter began the quest for the Orb.
     0 | D:1      | Reached XP level 1. HP: 16/16 MP: 3/3
   247 | D:1      | Reached XP level 2. HP: 23/23 MP: 3/5
   254 | D:1      | Learned a level 2 spell: Wereblood
   651 | D:2      | Reached XP level 3. HP: 29/29 MP: 6/6
  1498 | D:2      | Reached XP level 4. HP: 36/36 MP: 7/7
  1840 | D:3      | Reached XP level 5. HP: 35/42 MP: 4/9
  1976 | D:3      | Learned a level 3 spell: Spider Form
  2895 | D:4      | Noticed Dowan
  2896 | D:4      | Noticed Duvessa
  2943 | D:4      | Found a hazy altar of Hepliaklqana.
  2992 | D:4      | Killed Duvessa
  2993 | D:4      | Reached XP level 6. HP: 34/51 MP: 7/10
  3186 | D:4      | Killed Dowan
  3317 | D:4      | Found a sand-covered staircase.
  3326 | Ossuary  | Entered an ossuary
  3387 | Ossuary  | Your scales start taking on a glossy black colour.
  3387 | Ossuary  | Reached XP level 7. HP: 57/57 MP: 9/12
  3387 | Ossuary  | Gained mutation: You are resistant to electric shocks.
                  | (rElec) [Black Draconian growth]
  3536 | Ossuary  | Noticed a silent spectre
  3874 | D:4      | Found a runed translucent door.
  3875 | D:4      | Noticed Crazy Yiuf
  3905 | D:4      | Killed Crazy Yiuf
  4065 | D:4      | Learned a level 4 spell: Ice Form
  4070 | D:5      | Entered Level 5 of the Dungeon
  4075 | D:5      | Reached skill level 5 in Unarmed Combat
  4088 | D:5      | Gained mutation: Your flesh is cold resistant. (rC+)
                  | [potion of mutation]
  4088 | D:5      | Gained mutation: You are strong-willed. (Will+) [potion of
                  | mutation]
  4088 | D:5      | Gained mutation: Your muscles are strong. (Str +4, Int/Dex
                  | -1) [potion of mutation]
  4113 | D:5      | Reached XP level 8. HP: 32/67 MP: 10/14
  4190 | D:5      | Found a staircase to the Ecumenical Temple.
  4369 | D:5      | Found a glowing drain.
  4374 | Sewer    | Entered a sewer
  4968 | D:5      | Found a radiant altar of Vehumet.
  5041 | Temple   | Entered the Ecumenical Temple
  5150 | Temple   | Became a worshipper of Ashenzari the Shackled
  5156 | Temple   | Fell from the grace of Ashenzari
  5156 | Temple   | Became a worshipper of Qazlal Stormbringer
  5179 | Temple   | Lost mutation: Your flesh is cold resistant. (rC+) [potion
                  | of mutation]
  5179 | Temple   | Lost mutation: You are strong-willed. (Will+) [potion of
                  | mutation]
  5179 | Temple   | Gained mutation: You have a pair of small horns on your
                  | head. [potion of mutation]
  5179 | Temple   | Gained mutation: You are agile. (Dex +4, Str/Int -1)
                  | [potion of mutation]
  5179 | Temple   | Gained mutation: Your tail ends in a venomous barb. [potion
                  | of mutation]
  5180 | Temple   | Lost mutation: Your tail ends in a venomous barb. [potion
                  | of mutation]
  5180 | Temple   | Lost mutation: You have a pair of small horns on your head.
                  | [potion of mutation]
  5180 | Temple   | Lost mutation: You are agile. (Dex +4, Str/Int -1) [potion
                  | of mutation]
  5180 | Temple   | Gained mutation: Your magical capacity is low. (-10% MP)
                  | [potion of mutation]
  5180 | Temple   | Gained mutation: You are vulnerable to cold. (rC-) [potion
                  | of mutation]
  5180 | Temple   | Gained mutation: Your system is resistant to poisons.
                  | (rPois) [potion of mutation]
  5181 | Temple   | Lost mutation: Your muscles are strong. (Str +4, Int/Dex
                  | -1) [potion of mutation]
  5181 | Temple   | Lost mutation: Your system is resistant to poisons. (rPois)
                  | [potion of mutation]
  5182 | Temple   | Lost mutation: You are vulnerable to cold. (rC-) [potion of
                  | mutation]
  5182 | Temple   | Lost mutation: Your magical capacity is low. (-10% MP)
                  | [potion of mutation]
  5182 | Temple   | Gained mutation: Your body sometimes deteriorates upon
                  | taking damage. [potion of mutation]
  5182 | Temple   | Gained mutation: Your flesh is cold resistant. (rC+)
                  | [potion of mutation]
  5182 | Temple   | Gained mutation: Your muscles are strong. (Str +4, Int/Dex
                  | -1) [potion of mutation]
  5194 | Temple   | Identified a scroll of acquirement
  5194 | Temple   | Acquired the amulet of Wain {Spirit rElec rC+ Will+}
  5401 | D:6      | Reached skill level 5 in Fighting
  5424 | D:6      | Reached skill level 5 in Transmutations
  5829 | D:6      | Reached skill level 5 in Spellcasting
  5913 | D:6      | Reached skill level 5 in Dodging
  5959 | D:6      | Reached skill level 1 in Poison Magic
  5959 | D:6      | Reached XP level 9. HP: 57/75 MP: 14/16
  6081 | D:6      | Found a snail-covered altar of Cheibriados.
  6081 | D:6      | Found a glowing silver altar of Zin.
  6105 | D:6      | Found a sparkling altar of Nemelex Xobeh.
  6108 | D:6      | Found a shimmering blue altar of Sif Muna.
  6176 | D:6      | Found an ancient bone altar of Kikubaaqudgha.
  6181 | D:6      | Found a white marble altar of Elyvilon.
  6247 | D:6      | Found an iron altar of Okawaru.
  6303 | D:6      | Found a sacrificial altar of Ru.
  6348 | D:6      | Found a hide-covered altar of Uskayaw.
  6817 | D:7      | HP: 3/72 [poisoned by an orc wizard]
  6817 | D:7      | HP: 1/72 [something (2)]
  6818 | D:7      | Succumbed to an orc wizard's poison

Illustrated notes

Levels and vault maps discovered:
D:1:      nzn_arrival_depleted_hourglass, layout_basic
D:2:      layout_loops_ring
D:3:      layout_basic
D:4:      layout_rooms, mainiacjoe_overflow_boulevard,
          nicolae_ossuary_entry_ruins, corexii_hall_statues_u, uniq_duvessa,
          uniq_crazy_yiuf_cottage
D:5:      layout_rooms, vehumet_statue, minmay_temple_entry_water_ring,
          portal_sewer_entry_e
D:6:      layout_rooms, nicolae_ru_path_of_blood, okawaru_gym_becter,
          nicolae_overflow_hallway_of_the_gods, kennysheep_little_box,
          minmay_strange_pillars
D:7:      minmay_cornered_nines, layout_basic, minivault_11, uniq_menkaure
Temple:   zaba_magenta_temple

Skill      XL: |  1  2  3  4  5  6  7  8  9 |
---------------+----------------------------+-----
Dodging        | 2 3 4 5 |  5.2
Fighting       | 2 3 4 5 6 |  6.0
Transmutations | 3 4 5 |  5.8
Unarmed Combat | 4 5 6 |  6.3
Spellcasting   | 3 4 5 |  5.3
Poison Magic   | 1 2 |  2.0

Action                   |  1- 3 |  4- 6 |  7- 9 || total
-------------------------+-------+-------+-------++-------
Melee: Unarmed           |   113 |   171 |   396 ||   680
       Kick              |    14 |    21 |    77 ||   112
       Headbutt          |     8 |    16 |    46 ||    70
       Tailslap          |    16 |    21 |    62 ||    99
       Punch             |     2 |     4 |    10 ||    16
 Cast: Beastly Appendage |    16 |     9 |    33 ||    58
       Wereblood         |       |     8 |    17 ||    25
 Abil: Breathe Lightning |       |       |     2 ||     2
Evoke: Wand              |       |       |     1 ||     1
  Use: Potion            |       |       |    12 ||    12
       Scroll            |       |       |    18 ||    18
 Stab: Sleeping          |     1 |     2 |     1 ||     4
       Paralysed         |       |       |     7 ||     7
Armor: Skin              |    30 |    37 |   124 ||   191
Dodge: Dodged            |    60 |    83 |   296 ||   439
       Repelled          |       |     3 |       ||     3
Block: Other             |    22 |    30 |   127 ||   179
       Reflection        |     1 |     1 |       ||     2

Table legend: (Time is in decaauts)
 A = Elapsed time spent in this place.
 B = Non-inter-level travel time spent in this place.
 C = Inter-level travel time spent in this place.
 D = Time resting spent in this place.
 E = Time spent auto-exploring this place.
 F = Levels seen in this place.
 G = Mean time per level.
                   A        B        C        D        E       F      G
               +--------+--------+--------+--------+--------+-----+--------+
         Total |   6814 |   6683 |    131 |    901 |   3708 |  10 |  681.4 |
       Dungeon |   5819 |   5688 |    131 |    751 |   3398 |   7 |  831.3 |
        Temple |    325 |    325 |      0 |    150 |     50 |   1 |  325.0 |
         Sewer |    410 |    410 |      0 |      0 |    260 |   1 |  410.0 |
       Ossuary |    258 |    258 |      0 |      0 |      0 |   1 |  258.0 |
               +--------+--------+--------+--------+--------+-----+--------+

Top non-repeatable levels by time:
     D:3: 1255 daAuts
     D:6: 1023 daAuts
     D:2: 984 daAuts
     D:4: 967 daAuts
     D:5: 602 daAuts
     D:1: 580 daAuts
   Sewer: 410 daAuts
     D:7: 405 daAuts
  Temple: 325 daAuts
 Ossuary: 258 daAuts
